 Dungeon Crawl Stone Soup version 0.26.0-18-gc5c842f807 (webtiles) character file.

Game seed: 3282514806468678516

11141 Kejsarherre the Destroyer (level 11, -8/82 HPs)
             Began as an Octopode Conjurer on Jan 23, 2021.
             Was a Believer of Vehumet.
             Mangled by an unseen horror (10 damage)
             ... on level 11 of the Dungeon.
             The game lasted 00:24:03 (13804 turns).

Kejsarherre the Destroyer (Octopode Conjurer)      Turns: 13804, Time: 00:24:04

Health: -8/82      AC:  1    Str:  6    XL:     11   Next: 73%
Magic:  13/25      EV: 13    Int: 25    God:    Vehumet [**....]
Gold:   642        SH:  0    Dex: 10    Spells: 20/30 levels left

rFire    . . .     SeeInvis .   D - +0 dagger (venom)
rCold    . . .     Faith    .   (no shield)
rNeg     . . .     Spirit   .   (helmet restricted)
rPois    +         Reflect  .   (no amulet)
rElec    .         Harm     .   m - ring of poison resistance
rCorr    .         Rampage  .   o - ring of wizardry
Will     .....                  B - ring of flight
Stlth    +++.......             (no ring)
HPRegen  0.23/turn              (no ring)
MPRegen  0.19/turn              (no ring)
                                (no ring)
                                (no ring)

@: marked
A: almost no armour, stealthy swim, amphibious, 8 rings, constrict 8, camouflage
1, gelatinous body 1
a: Renounce Religion, Evoke Flight


You were on level 11 of the Dungeon.
You worshipped Vehumet.
Vehumet was pleased with you.
You visited 2 branches of the dungeon, and saw 12 of its levels.

You collected 642 gold pieces.

Inventory:

Hand Weapons
 D - a +0 dagger of venom (weapon)
Jewellery
 e - an uncursed ring of fire
 m - a ring of poison resistance (left tentacle)
 o - a ring of wizardry (right tentacle)
 B - a ring of flight (on tentacle)
Wands
 b - a wand of random effects (15)
 g - a wand of polymorph (11)
 t - a wand of paralysis (1)
 z - a wand of digging (8)
 A - a wand of enslavement (13)
 C - a wand of flame (41)
Scrolls
 a - a scroll of vulnerability
 c - 2 scrolls of immolation
 d - a scroll of magic mapping {unknown}
 h - 10 scrolls of remove curse {unknown}
 j - 5 scrolls of teleportation {unknown}
 l - 3 scrolls of noise {unknown}
 p - a scroll of enchant weapon {unknown}
 u - 2 scrolls of fear {unknown}
 w - a scroll of blinking {unknown}
 y - 2 scrolls of amnesia {unknown}
 F - 3 scrolls of random uselessness {unknown}
Potions
 f - a potion of might
 i - 3 potions of curing
 k - a potion of ambrosia
 n - a potion of brilliance
 q - 4 potions of lignification
 r - a potion of invisibility {unknown}
 s - 2 potions of flight
 v - 2 potions of magic
 x - 2 potions of attraction
 E - a potion of mutation


   Skills:
 + Level 10.8 Fighting
 - Level 2.0 Dodging
 - Level 2.6 Stealth
 - Level 10.0 Spellcasting
 - Level 11.0 Conjurations


You had 20 spell levels left.
You knew the following spells:

 Your Spells              Type           Power        Failure   Level
a - Magic Dart            Conj           100%         1%          1
b - Searing Ray           Conj           100%         1%          2
c - Iskenderun's Mystic   Conj/Tloc      40%          1%          4
d - Mephitic Cloud        Conj/Pois/Air  30%          1%          3

Your spell library contained the following spells:

 Spells                   Type           Power        Failure   Level
 Dazzling Flash           Conj/Hex       80%          1%          3
 Fulminant Prism          Conj/Hex       20%          1%          4


Dungeon Overview and Level Annotations

Branches:
Dungeon (11/15)            Temple (1/1) D:7            Lair (0/6) D:10
    Orc (0/2) D:10

Altars:
Ashenzari
Cheibriados
Dithmenos
Elyvilon
Fedhas
Gozag
Hepliaklqana
Kikubaaqudgha
Makhleb
Nemelex Xobeh
Okawaru
Qazlal
Ru
Sif Muna
Trog
Uskayaw
Vehumet
Wu Jian
Xom
Yredelemnul
Zin
The Shining One

Shops:
D:10 [

Annotations:
D:10 exclusion: oklob plant


Innate Abilities, Weirdness & Mutations

You cannot wear most types of armour.
You are very stealthy in the water. (Stealth+)
You are amphibious.
You can wear up to eight rings at the same time.
You can use your tentacles to constrict eight enemies at once.
Your skin changes colour to match your surroundings (Stealth+).
Your rubbery body absorbs attacks. (AC +1, EV +1)


Message History

Confirm with . or Enter, or press ? or * to list all spells.
You erupt in a blast of force!
The mystic blast hits the wraith!
The wraith is heavily damaged.
The wraith is knocked back by the mystic blast.
The mystic blast hits something!
Something barely misses you. Something hits you!
* * * LOW HITPOINT WARNING * * *
Unknown command.
Casting: Iskenderun's Mystic Blast (dangerous; 1% risk of failure)
Confirm with . or Enter, or press ? or * to list all spells.
You can't see any susceptible monsters within range! (Use Z to cast anyway.) Unknown command.
Casting: Iskenderun's Mystic Blast (dangerous; 1% risk of failure)
Confirm with . or Enter, or press ? or * to list all spells.
You erupt in a blast of force!
The mystic blast hits something.
Something hits you!
* * * LOW HITPOINT WARNING * * *
A bullfrog skeleton comes into view.
Something hits you!
You die...

#.......... ##
##.#.....## #.
.#### (.##.....#
#.# .... .......###
#.. ...# ########
#.. ...# #.# ...#
#.#####...#
##.##......#
#....@.....#
##.##.{........
#.####........ ###
#.#####...####
##.##
####.......W.#
##...##
##....######Z.#
......###.....#####
..#
##................#
..#
##.####.......##.#


You could see a wraith and a bullfrog skeleton.

Vanquished Creatures
  Erolcha (D:11)
  3 two-headed ogres
  An ugly thing (D:8)
  A cyclops (D:9)
  A manticore (D:11)
  Maggie (D:7)
  A troll (D:11)
  Grinder (D:3)
  12 yaks
  Eustachio (D:6)
  6 orc warriors
  4 sky beasts
  A hornet zombie (D:9)
  2 ice beasts
  2 phantoms
  A black bear (D:11)
  A necrophage (D:8)
  4 ogres
  5 centaurs
  A big kobold (D:10)
  3 bullfrogs
  A scorpion (D:5)
  3 wights (D:9)
  14 killer bees
  3 howler monkeys (D:7)
  2 centaur skeletons
  6 jellies
  3 orc priests
  7 hounds
  4 orc wizards
  A bullfrog skeleton (D:7)
  3 iguanas
  5 worker ants
  2 hound skeletons
  4 gnolls (D:9)
  11 adders
  A shadow imp (D:7)
  A white imp (D:5)
  An adder skeleton (D:9)
  3 worms (D:3)
  5 dart slugs
  6 leopard geckos
  27 orcs
  3 ball pythons
  8 giant cockroaches
  6 goblins
  6 hobgoblins
  14 jackals
  8 quokkas
  5 bats
  3 frilled lizards
  14 kobolds
  A leopard gecko zombie (D:6)
  10 rats
244 creatures vanquished.

Notes
Turn   | Place    | Note
-------+----------+-------------------------------------------
     0 | D:1      | Kejsarherre the Octopode Conjurer began the quest for the
                  | Orb.
     0 | D:1      | Reached XP level 1. HP: 11/11 MP: 3/3
   384 | D:1      | Reached XP level 2. HP: 17/17 MP: 3/5
  1166 | D:2      | Reached XP level 3. HP: 21/21 MP: 4/6
  1186 | D:2      | Learned a level 2 spell: Searing Ray
  1853 | D:3      | Reached XP level 4. HP: 27/27 MP: 6/8
  2060 | D:3      | HP: 1/27 [orc/boomerang (6)]
  2305 | D:3      | Noticed Grinder
  2317 | D:3      | Killed Grinder
  2318 | D:3      | Reached skill level 5 in Conjurations
  2318 | D:3      | Reached XP level 5. HP: 31/31 MP: 1/11
  2318 | D:3      | Reached XP level 6. HP: 36/36 MP: 1/12
  2842 | D:3      | Reached skill level 6 in Conjurations
  2946 | D:3      | Learned a level 4 spell: Iskenderun's Mystic Blast
  4055 | D:5      | Entered Level 5 of the Dungeon
  4075 | D:5      | Reached XP level 7. HP: 41/41 MP: 9/14
  4082 | D:5      | Reached skill level 5 in Spellcasting
  5178 | D:5      | Reached skill level 7 in Conjurations
  5463 | D:6      | HP: 2/41 [orc/+0 hand axe (1)]
  5465 | D:6      | Reached XP level 8. HP: 2/46 MP: 4/17
  6095 | D:6      | Noticed Eustachio
  6116 | D:6      | Killed Eustachio
  6117 | D:6      | Reached skill level 8 in Conjurations
  6244 | D:6      | Found a glowing silver altar of Zin.
  6244 | D:6      | Noticed an angel
  6904 | D:7      | Found a staircase to the Ecumenical Temple.
  6910 | Temple   | Entered the Ecumenical Temple
  6954 | Temple   | Became a worshipper of Vehumet
  7323 | D:7      | Reached XP level 9. HP: 33/51 MP: 10/20
  7324 | D:7      | Reached skill level 9 in Conjurations
  7457 | D:7      | Noticed Maggie
  7467 | D:7      | Killed Maggie
  7925 | D:7      | Reached * piety under Vehumet
  7925 | D:7      | Offered knowledge of Freeze by Vehumet.
  8368 | D:8      | Noticed a two-headed ogre
  8378 | D:8      | Killed a two-headed ogre
  8379 | D:8      | Reached skill level 10 in Conjurations
  8617 | D:8      | Reached XP level 10. HP: 56/56 MP: 17/23
  8820 | D:8      | Noticed a two-headed ogre
  8830 | D:8      | Killed a two-headed ogre
  9172 | D:8      | Reached skill level 11 in Conjurations
  9420 | D:8      | Noticed a white ugly thing
  9437 | D:8      | Killed a white ugly thing
  9859 | D:9      | Reached skill level 10 in Spellcasting
 10130 | D:9      | Noticed a cyclops
 10482 | D:9      | Noticed a two-headed ogre
 10490 | D:9      | Killed a two-headed ogre
 10491 | D:9      | Reached skill level 5 in Fighting
 10921 | D:9      | Killed a cyclops
 10922 | D:9      | Reached XP level 11. HP: 57/75 MP: 22/25
 11257 | D:10     | Entered Level 10 of the Dungeon
 11259 | D:10     | Reached ** piety under Vehumet
 11367 | D:10     | Offered knowledge of Shock by Vehumet.
 11937 | D:10     | Found Efazeg's Armour Boutique.
 11939 | D:10     | Found a staircase to the Orcish Mines.
 12111 | D:10     | Found a bloodstained altar of Trog.
 12245 | D:10     | Found a staircase to the Lair.
 12252 | D:10     | Noticed an oklob plant
 12787 | D:10     | Offered knowledge of Mephitic Cloud by Vehumet.
 12802 | D:10     | Learned a level 3 spell: Mephitic Cloud
 13127 | D:11     | Noticed Erolcha
 13137 | D:11     | Killed Erolcha
 13262 | D:11     | Reached skill level 10 in Fighting
 13697 | D:11     | Noticed a manticore
 13710 | D:11     | Killed a manticore
 13804 | D:11     | HP: 2/82 [something (10)]
 13804 | D:11     | Mangled by an unseen horror

Illustrated notes

Levels and vault maps discovered:
D:1:      dpeg_arrival_simpleton_b, layout_rooms
D:2:      layout_basic
D:3:      layout_basic, uniq_grinder
D:4:      layout_basic
D:5:      layout_basic
D:6:      layout_rooms, zin_angel, uniq_eustachio
D:7:      layout_gridville, temple_green, uniq_maggie
D:8:      layout_loops_cross
D:9:      layout_irregular_city
D:10:     layout_grid_maze, dpeg_oklobed_lair, orc_david_3, bloody_trog
D:11:     layout_loops_ring, trove_entry_hex_spiral, bh_walls_and_bars,
          uniq_erolcha
Temple:   regret_index_temple_sigil_plot

Skill      XL: |  1  2  3  4  5  6  7  8  9 10 11 |
---------------+----------------------------------+-----
Spellcasting   | 3 4 6 7 9 10 | 10.0
Conjurations   | 5 6 7 8 10 11 | 11.0
Fighting       | 7 10 | 10.8
Dodging        | |  2.0
Stealth        | |  2.6

Action                   |  1- 3 |  4- 6 |  7- 9 | 10-12 || total
-------------------------+-------+-------+-------+-------++-------
Melee: Unarmed           |     4 |     3 |       |       ||     7
       Constrict         |     7 |     2 |     2 |     3 ||    14
       Dagger            |    20 |     9 |    14 |    18 ||    61
       Tentacles         |     4 |     3 |     3 |     5 ||    15
 Cast: Magic Dart        |    66 |   105 |   177 |   187 ||   535
       Searing Ray       |       |     5 |    27 |    46 ||    78
       Iskenderun's Myst |       |       |     5 |    20 ||    25
       Mephitic Cloud    |       |       |       |     1 ||     1
Evoke: Wand              |       |       |     3 |     1 ||     4
  Use: Potion            |       |     2 |       |       ||     2
       Scroll            |       |       |       |    11 ||    11
 Stab: Paralysed         |       |       |    11 |     8 ||    19
       Sleeping          |       |       |     1 |       ||     1
Armor: Skin              |     8 |     2 |     1 |     3 ||    14
Dodge: Dodged            |    19 |    25 |    59 |    45 ||   148
